 Dungeon Crawl Stone Soup version 0.31-a0-188-g5e087ee2ca (webtiles) character file.

Game seed: 8555247060926318252

159 qw the Skirmisher (level 5, 0/29 HPs)
             Began as a Deep Elf Hunter on June 23, 2023.
             Slain by an ice beast (11 damage)
             ... on level 5 of the Dungeon.
             The game lasted 00:01:02 (2850 turns).

qw the Skirmisher (Deep Elf Hunter)                 Turns: 2850, Time: 00:01:03

Health: 0/29       AC:  6    Str: 10    XL:     5   Next: 17%
Magic:  7/7        EV: 11    Int: 14    God:
Gold:   180        SH:  0    Dex: 27    Spells: 4/4 levels left

rFire   . . .        e - +0 shortbow
rCold   . . .        (shield currently unavailable)
rNeg    . . .        a - +0 ring mail
rPois   .            (no helmet)
rElec   .            (no cloak)
rCorr   +            (no gloves)
SInv    .            d - +0 pair of boots
Will    .....        (no amulet)
Stlth   ++           i - +6 ring of dexterity
HPRegen 0.24/turn    b - ring "Dopywn" {rCorr Dex+3}
MPRegen 0.10/turn

%: no passive effects
@: no status effects
A: no striking features
a: no special abilities


You were on level 5 of the Dungeon.
You visited 1 branch of the dungeon, and saw 5 of its levels.

You collected 180 gold pieces.


   Skills:
 - Level 1.5 Fighting
 - Level 8.6 Ranged Weapons
 + Level 2.4 Dodging
 - Level 1.2 Stealth


You had 4 spell levels left.
You didn't know any spells.
Your spell library was empty.

Inventory:

Hand Weapons
 e - a +0 shortbow (weapon)
 f - the +4 hand crossbow of Rovefi {penet, Fragile Str+6}
   (You acquired it on level 3 of the Dungeon)

   Str:       It affects your strength (+6).
   Fragile:   It will be destroyed if unequipped.
Armour
 a - a +0 ring mail (worn)
 d - a +0 pair of boots (worn)
Jewellery
 b - the ring "Dopywn" (right hand) {rCorr Dex+3}
   (You found it on level 4 of the Dungeon)

   [ring of resist corrosion]

   Dex:       It affects your dexterity (+3).
   rCorr:     It protects you from acid and corrosion.
 i - a +6 ring of dexterity (left hand)
 Y - a +4 ring of protection
Potions
 c - a potion of heal wounds
 h - 2 potions of curing
 j - a potion of cancellation {unknown}
 l - a potion of invisibility {unknown}
 m - a potion of resistance {unknown}

Dungeon Overview and Level Annotations

Branches:
Dungeon (5/15)
 Temple: D:4-7

Altars:
Ashenzari
Makhleb
Sif Muna
Trog
Zin


Message History

You drop a potion of lignification.
Done exploring.
(D) Dungeon
Where to? (* - list waypoints, Enter - D:4, ? - help)
What level of the Dungeon? (default 1, ? - help)
You see here a +0 leather armour.
You see here a There-And-Back Book.
There is a stone staircase leading down here.
You climb downwards.
Found a scroll labelled XAXZUT XEURUU.
Found a stone staircase leading down.
There is a stone staircase leading up here.
An ice beast is nearby!
Waypoint 4 assigned to D:5.
You shoot an arrow.
The arrow hits the ice beast but does no damage.
You shoot an arrow. The arrow hits the ice beast.
The ice beast is lightly wounded.
The ice beast misses you.
You shoot an arrow. The arrow closely misses the ice beast.
The ice beast hits you but does no damage.
You shoot an arrow. The arrow hits the ice beast!
The ice beast is severely wounded.
The ice beast hits you but does no damage.
You shoot an arrow.
The arrow hits the ice beast but does no damage.
The ice beast is severely wounded.
The ice beast hits you but does no damage.
You shoot an arrow. The arrow hits the ice beast.
The ice beast is almost dead.
The ice beast misses you.
You shoot an arrow. The arrow barely misses the ice beast.
The ice beast barely misses you.
You shoot an arrow. The arrow barely misses the ice beast.
The ice beast completely misses you.
You shoot an arrow.
The arrow hits the ice beast but does no damage.
The ice beast is almost dead.
The ice beast hits you. The ice beast freezes you!
2850 ||| STAIRDANCE The ice beast hits you.
The ice beast freezes you!
You die...

. ... #....
######...>..
#?..@Y....#
#.###.....#
.....#
#....# ....#
....# ####


You could see an ice beast.

Vanquished Creatures
  A jelly (D:4)
  Jessica (D:2)
  An adder (D:2)
  2 worms (D:3)
  2 dart slugs
  8 orcs
  6 bats
  6 endoplasms
  3 giant cockroaches
  3 goblins
  5 hobgoblins
  11 jackals
  7 quokkas
  3 ball pythons
  3 frilled lizards
  4 kobolds
  5 rats
71 creatures vanquished.

Notes
Turn   | Place    | Note
-------+----------+-------------------------------------------
     0 | D:1      | qw the Deep Elf Hunter began the quest for the Orb.
     0 | D:1      | Reached XP level 1. HP: 12/12 MP: 3/3
     0 | D:1      | 0 ||| qw: Version: 0.3-a-9-g12657ce
     0 | D:1      | 0 ||| qw: Game counter: 3274
     0 | D:1      | 0 ||| qw: Always use a shield: true
     0 | D:1      | 0 ||| qw: God list: Okawaru
     0 | D:1      | 0 ||| qw: Allow faded altars: false
     0 | D:1      | 0 ||| qw: Do Orc after D:15 true
     0 | D:1      | 0 ||| qw: Do second Lair branch before Depths: true
     0 | D:1      | 0 ||| qw: Lair rune preference: random
     0 | D:1      | 0 ||| qw: Plans: Normal
     0 | D:1      | 0 ||| PLANNING D:1-11
   265 | D:1      | Reached skill level 6 in Ranged Weapons
   265 | D:1      | Reached XP level 2. HP: 16/16 MP: 4/4
   929 | D:1      | 929 ||| UPGRADING to ring of see invisible.
   930 | D:1      | 930 ||| READING scroll labelled RIXES YFIACACH.
   931 | D:1      | 931 ||| DROPPING scroll of butterflies.
   998 | D:2      | Reached XP level 3. HP: 20/20 MP: 5/5
  1019 | D:2      | Noticed Jessica
  1020 | D:2      | Killed Jessica
  1021 | D:2      | Reached skill level 7 in Ranged Weapons
  1165 | D:2      | Reached XP level 4. HP: 25/25 MP: 6/6
  1475 | D:2      | 1475 ||| UPGRADING to +0 ring mail.
  1485 | D:2      | 1485 ||| DROPPING +0 leather armour.
  1486 | D:2      | 1486 ||| DROPPING ring of wizardry.
  1487 | D:2      | 1487 ||| READING scroll labelled BOKLIEGI ANIUFF.
  1488 | D:2      | 1488 ||| READING scroll labelled FEZUZX LOOGUG.
  1489 | D:2      | 1489 ||| READING scroll labelled JUALUYTUJE.
  1490 | D:2      | 1490 ||| DRINKING 2 bubbling cyan potions.
  1586 | D:3      | Reached skill level 8 in Ranged Weapons
  1587 | D:3      | HP: 6/25 [orc/+0 dagger (2)]
  1588 | D:3      | 1588 ||| DRINKING potion of heal wounds.
  1902 | D:3      | Found a burning altar of Makhleb.
  1907 | D:3      | Found a glowing silver altar of Zin.
  1907 | D:3      | Noticed an angel
  1908 | D:3      | Noticed a green death
  2067 | D:3      | Found a broken altar of Ashenzari.
  2068 | D:3      | Found a bloodstained altar of Trog.
  2089 | D:3      | 2089 ||| UPGRADING to +0 pair of boots.
  2094 | D:3      | 2094 ||| UPGRADING to +4 ring of protection.
  2095 | D:3      | 2095 ||| READING scroll labelled UKLEMUS NOKAO.
  2095 | D:3      | Identified a scroll of acquirement
  2095 | D:3      | 2095 ||| ACQUIRING +4 hand crossbow of Rovefi {penet,
                  | Fragile Str+6}
  2095 | D:3      | Acquired the +4 hand crossbow of Rovefi {penet, Fragile
                  | Str+6}
  2097 | D:3      | 2097 ||| DRINKING 2 black potions.
  2098 | D:3      | 2098 ||| DROPPING potion of attraction.
  2196 | D:4      | Identified the ring "Dopywn" {rCorr Dex+3}
  2304 | D:4      | Reached XP level 5. HP: 29/29 MP: 7/7
  2493 | D:4      | Found a shimmering blue altar of Sif Muna.
  2754 | D:4      | 2754 ||| UPGRADING to ring "Dopywn" {rCorr Dex+3}.
  2756 | D:4      | 2756 ||| UPGRADING to +6 ring of dexterity.
  2758 | D:4      | 2758 ||| DROPPING ring of see invisible.
  2759 | D:4      | 2759 ||| UPGRADING to ring "Dopywn" {rCorr Dex+3}.
  2761 | D:4      | 2761 ||| DRINKING 3 sedimented brown potions.
  2762 | D:4      | 2762 ||| DRINKING 2 metallic emerald potions.
  2797 | D:4      | 2797 ||| DROPPING potion of lignification.
  2840 | D:5      | Entered Level 5 of the Dungeon
  2840 | D:5      | Noticed an ice beast
  2850 | D:5      | 2850 ||| STAIRDANCE
  2850 | D:5      | Slain by an ice beast

Levels and vault maps discovered:
D:1:      reono_arrival_mine, layout_basic
D:2:      minmay_angry_zag, layout_rooms, uniq_jessica
D:3:      layout_basic, grunt_temple_overflow_order_and_chaos_2,
          mainiacjoe_overflow_divided_tiny, minmay_cut_off
D:4:      layout_loops_ring, lemuel_crystal_altar
D:5:      layout_rooms, serial_shops, shop

Skill      XL: |  1  2  3  4 |
---------------+-------------+-----
Ranged Weapons | 6 7 8 |  8.6
Fighting       | |  1.5
Dodging        | |  2.4
Stealth        | |  1.2

Action                     |  1- 3 |  4- 6 || total
---------------------------+-------+-------++-------
   Fire: Shortbow          |    85 |   132 ||   217
    Use: Scroll            |     1 |     4 ||     5
         Potion            |       |     5 ||     5
 Armour: Leather armour    |     6 |     3 ||     9
         Ring mail         |       |    10 ||    10
  Dodge: Dodged            |    20 |    30 ||    50

Table legend:
 A = Non-vault XP
 B = Vault XP
 C = Vault XP percentage of total XP
 D = Non-vault monster count
 E = Vault monster count
 F = Vault count percentage of total count
                 A         B        C        D         E       F
            +---------+---------+-------+---------+---------+-------
      Total |     184 |      44 |  19.3 |      64 |       7 |   9.9
            +---------+---------+-------+---------+---------+-------
        D:1 |      38 |       0 |   0.0 |      21 |       0 |   0.0
        D:2 |      45 |      43 |  48.9 |      19 |       6 |  24.0
        D:3 |      40 |       1 |   2.4 |      15 |       1 |   6.2
        D:4 |      61 |       0 |   0.0 |       9 |       0 |   0.0
            +---------+---------+-------+---------+---------+-------
